 Dungeon Crawl Stone Soup version 0.31-a0-198-g2ad674f65e (webtiles) character file.

Game seed: 4006126493404138952

9 OTABOTABOTAB the Conjurer (level 2, 15/15 HPs)
             Began as a Deep Elf Conjurer on June 25, 2023.
             Quit the game on level 1 of the Dungeon.
             The game lasted 00:00:26 (298 turns).

OTABOTABOTAB the Conjurer (Deep Elf Conjurer)        Turns: 298, Time: 00:00:26

Health: 15/15      AC:  2    Str:  4    XL:     2   Next: 3%
Magic:  7/8        EV: 12    Int: 22    God:
Gold:   12         SH:  0    Dex: 13    Spells: 7/8 levels left

rFire   . . .        b - +0 long sword
rCold   . . .        (no shield)
rNeg    . . .        a - +0 robe
rPois   .            (no helmet)
rElec   .            (no cloak)
rCorr   .            (no gloves)
SInv    .            (no boots)
Will    .....        (no amulet)
Stlth   ++           (no ring)
HPRegen 0.22/turn    (no ring)
MPRegen 0.11/turn

%: no passive effects
@: no status effects
A: no striking features
a: no special abilities


You were on level 1 of the Dungeon.
You visited 1 branch of the dungeon, and saw 1 of its levels.

You collected 12 gold pieces.

Inventory:

Hand Weapons
 b - a +0 long sword (weapon)
   (You found it on level 1 of the Dungeon)
Armour
 a - a +0 robe (worn)
Scrolls
 d - a scroll of blinking {unknown}
Potions
 c - a potion of haste {unknown}
 M - a potion of magic


   Skills:
 - Level 2.4 Dodging
 - Level 2.4 Stealth
 + Level 3.5 Spellcasting
 + Level 4.6 Conjurations


You had 7 spell levels left.
You knew the following spells:

 Your Spells              Type           Power      Damage    Failure   Level
a - Magic Dart            Conj           96%        1d7       1%          1

Your spell library contained the following spells:

 Spells                   Type           Power      Damage    Failure   Level
 Searing Ray              Conj           48%        2d6       2%          2
 Dazzling Flash           Conj/Hex       28%        N/A       14%         3
 Fulminant Prism          Conj/Hex       7%         3d7       41%         4
 Iskenderun's Mystic Bla  Conj/Tloc      14%        2d5       41%         4


Dungeon Overview and Level Annotations

Branches:
Dungeon (1/15)

Altars:

Annotations:
D:1 1 transporter


Message History

Bad channel name 'Jiyva says' for runrest: 'Jiyva says: Divide and consume' Welcome, OTABOTABOTAB the Deep Elf Conjurer.
It is said that the Orb of Zot exists deep within this dungeon.
Found a staircase leading out of the dungeon.
There is a transporter here.
There is a staircase leading out of the dungeon here.
A rat comes into view.
The magic dart hits the rat.
You kill the rat!
You now have 5/6 mp.
b - a +0 long sword MP restored: 6
b - a +0 long sword (weapon)
Found an escape hatch in the floor.
No target in view!
A ball python comes into view.
The ball python hisses angrily.
A ball python is nearby!
The magic dart hits the ball python.
You now have 5/6 mp.
The magic dart hits the ball python.
You kill the ball python!
You now have 4/6 mp.
c - a fizzy coppery potion MP restored: 6 A giant cockroach comes into view.
The magic dart hits the giant cockroach but does no damage.
You now have 5/6 mp.
A giant cockroach is nearby!
The magic dart hits the giant cockroach.
You kill the giant cockroach!
You now have 4/6 mp.
d - a scroll labelled BEFIPL MO YLE MP restored: 6 You now have 12 gold pieces.
A bat comes into view.
A bat is nearby!
The magic dart hits the bat.
You kill the bat!
You now have 5/6 mp.
A goblin comes into view. It is wielding a +0 club.
The goblin shouts!
An endoplasm comes into view.
MP restored: 6 The magic dart hits the goblin.
The endoplasm quivers.
You now have 5/6 mp.
You miscast Magic Dart.
You are very lightly contaminated with residual magic.
Nothing appears to happen.
You now have 4/6 mp.
The magic dart hits the goblin.
You kill the goblin!
You now have 3/6 mp.
The magic dart hits the endoplasm.
You kill the endoplasm!
You now have 2/6 mp.
Your magical contamination has completely faded away.
A ball python comes into view.
MP restored: 6 The magic dart hits the ball python.
The ball python hisses angrily.
You now have 5/6 mp.
The magic dart hits the ball python.
You kill the ball python!
You have reached level 2!
Health restored: 15 You now have 4/8 mp.
A rat comes into view.
MP restored: 8 The magic dart hits the rat.
You kill the rat!
You now have 7/8 mp.

........[#.......#
####...#........†#
#.....#####.###
#####....## #.#
#.......## #.#
###.####..# .#
####...#####.#
.............#
.......@.#####
..(......#
.........#
.†.......#
........†#
.........#
.........#
.........#


There were no monsters in sight!

Vanquished Creatures
  2 ball pythons (D:1)
  An endoplasm (D:1)
  A giant cockroach (D:1)
  A goblin (D:1)
  A bat (D:1)
  2 rats (D:1)
8 creatures vanquished.

Notes
Turn   | Place    | Note
-------+----------+-------------------------------------------
     0 | D:1      | OTABOTABOTAB the Deep Elf Conjurer began the quest for the
                  | Orb.
     0 | D:1      | Reached XP level 1. HP: 10/10 MP: 6/6
   260 | D:1      | Reached XP level 2. HP: 15/15 MP: 4/8
   298 | D:1      | Quit the game

Illustrated notes

Levels and vault maps discovered:
D:1:      spicycebolla_arrival_risky_transporter, layout_rooms,
          grunt_decor_fettered

Action                     || total
---------------------------++-------
   Cast: Magic Dart        ||    12

Table legend: (Time is in decaauts)
 A = Elapsed time spent in this place.
 B = Non-inter-level travel time spent in this place.
 C = Inter-level travel time spent in this place.
 D = Time resting spent in this place.
 E = Time spent auto-exploring this place.
 F = Levels seen in this place.
 G = Mean time per level.
                   A        B        C        D        E       F      G
               +--------+--------+--------+--------+--------+-----+--------+
         Total |    297 |    297 |      0 |      0 |    271 |   1 |  297.0 |
       Dungeon |    297 |    297 |      0 |      0 |    271 |   1 |  297.0 |
               +--------+--------+--------+--------+--------+-----+--------+

Top non-repeatable levels by time:
     D:1: 297 daAuts

Levels and vault maps discovered:
D:1:      spicycebolla_arrival_risky_transporter, layout_rooms,
          grunt_decor_fettered

Table legend: (Time is in decaauts)
 A = Elapsed time spent in this place.
 B = Non-inter-level travel time spent in this place.
 C = Inter-level travel time spent in this place.
 D = Time resting spent in this place.
 E = Time spent auto-exploring this place.
 F = Levels seen in this place.
 G = Mean time per level.
                   A        B        C        D        E       F      G
               +--------+--------+--------+--------+--------+-----+--------+
         Total |    297 |    297 |      0 |      0 |    271 |   1 |  297.0 |
       Dungeon |    297 |    297 |      0 |      0 |    271 |   1 |  297.0 |
               +--------+--------+--------+--------+--------+-----+--------+

Top non-repeatable levels by time:
     D:1: 297 daAuts

Table legend:
 A = Kills in this place as a percentage of kills in the entire game.
 B = Kills by you in this place as a percentage of kills by you in the entire game.
 C = Kills by friends in this place as a percentage of kills by friends in the entire game.
 D = Other kills in this place as a percentage of other kills in the entire game.
 E = Experience gained in this place as a percentage of experience gained in the entire game.
 F = Experience gained in this place divided by the number of levels of this place that you have seen.
                   A       B       C       D       E      F
               +-------+-------+-------+-------+-------+----------------------
         Total | 100.0 | 100.0 |   N/A |   N/A | 100.0 |  13.0
       Dungeon | 100.0 | 100.0 |   N/A |   N/A | 100.0 |  13.0
               +-------+-------+-------+-------+-------+----------------------
